AoeStats
← Lukan

Hideout

503737402Analyzed
2v2 RM · 3mo ago on Sep 2, 2026· 50m 53s· 4 players
Game mode
Random Map
Map size
Medium (4 player)
Population
200
Speed
Normal
Resources
Standard
Victory
Conquest
Starting age
Dark Age
Ending age
Imperial Age
RankedLock teamsTeams togetherTeam positionsShared explorationLock speedFull tech treeHidden civsTurbo modeCheats
Victory
Defeat
🇵🇪 Britons · Peru
1127
+14
🇦🇺 Bulgarians · Australia
1107
+15
vs
🇦🇷 Sicilians · Argentina
1314
-24
🇵🇪 Khmer · Peru
871
-6
Lukan
5:33 Loom
6:28 Loom
7:14 Loom
9:14 Feudal Age
9:45 Double-Bit Axe
11:28 Town Watch
11:30 Horse Collar
17:26 Castle Age
17:41 Wheelbarrow
18:37 Bow Saw
21:49 Heavy Plow
22:23 Stone Mining
23:48 Pikeman
25:06 Forging
26:28 Gold Mining
27:20 Squires
28:23 Scale Mail Armor
28:15 Loom
29:21 Hand Cart
30:20 Gold Shaft Mining
32:06 Arson
32:52 Town Patrol
33:32 Chain Mail Armor
36:25 Imperial Age
34:29 Yeomen
34:03 Fletching
34:49 Iron Casting
35:08 Bodkin Arrow
35:10 Gambesons
36:01 Padded Archer Armor
37:50 Bracer
37:19 Halberdier
39:34 Plate Mail Armor
39:28 Ballistics
40:10 Chemistry
41:29 Blast Furnace
40:58 Ballistics
40:55 Leather Archer Armor
41:17 Warwolf
41:38 Conscription
42:11 Ring Archer Armor
44:26 Two-Man Saw
47:49 Murder Holes
50:02 Fortified Wall
50:01 Treadmill Crane
51:32 Hoardings
CHUPA <AUS>
1:24 Loom
10:59 Feudal Age
12:34 Town Watch
12:39 Double-Bit Axe
13:31 Arson
15:23 Forging
15:14 Scale Mail Armor
23:22 Castle Age
21:08 Horse Collar
22:22 Wheelbarrow
22:45 Scale Barding Armor
22:53 Bloodlines
22:54 Gold Mining
22:56 Stone Mining
23:09 Fletching
25:05 Bow Saw
25:34 Iron Casting
25:26 Pikeman
28:48 Fletching
29:37 Squires
29:56 Chain Mail Armor
35:18 Gambesons
38:28 Chain Barding Armor
47:31 Imperial Age
45:22 Husbandry
45:39 Stirrups
46:03 Heavy Plow
47:31 Hand Cart
49:35 Blast Furnace
49:11 Plate Barding Armor
49:07 Plate Mail Armor
48:33 Bodkin Arrow
48:02 Halberdier
49:22 Gold Shaft Mining
48:28 Capped Ram
49:40 Conscription
49:25 Elite Konnik
PNAL | TommyA
9:23 Feudal Age
15:07 Castle Age
13:18 Double-Bit Axe
20:33 Horse Collar
23:24 Forging
24:05 Wheelbarrow
23:16 Loom
25:36 Scale Barding Armor
26:04 Bloodlines
25:56 Gold Mining
26:17 Bow Saw
26:47 Town Watch
28:42 Iron Casting
28:31 Hand Cart
30:47 Chain Barding Armor
30:42 Husbandry
33:57 Imperial Age
32:01 Ballistics
33:17 Gold Shaft Mining
32:43 Heavy Plow
34:35 Stone Mining
34:19 Cavalier
36:01 Blast Furnace
36:13 Conscription
36:00 Hauberk
36:57 Town Patrol
38:33 Plate Barding Armor
38:53 Stone Shaft Mining
37:55 Light Cavalry
44:22 Siege Engineers
44:12 Murder Holes
45:45 Fletching
46:27 Scale Mail Armor
48:35 Arson
48:51 Squires
50:41 Chain Mail Armor
Zorrito del Sur
11:24 Feudal Age
13:33 Double-Bit Axe
17:01 Castle Age
16:18 Stone Mining
19:42 Wheelbarrow
19:19 Bow Saw
20:00 Loom
22:30 Gold Mining
23:20 Fletching
31:21 Horse Collar
37:25 Town Watch
45:46 Heavy Plow
Connection lost

Rejoining the realm…

Still unreachable

The connection could not be restored.

Session expired

The server has moved on; the page needs a fresh start.